 Dungeon Crawl Stone Soup version 0.25-a0-860-gf695395b5c (webtiles) character file.

Game seed: 13045434269796359271, levelgen mode: classic

321006 EnegeticOcto the Severer (level 20, -15/204 HPs)
             Began as a Deep Dwarf Fighter on Apr 28, 2020.
             Was an Elder of Makhleb.
             Killed from afar by an electric golem (28 damage)
             ... with a bolt of lightning
             ... on level 5 of the Realm of Zot.
             The game lasted 00:20:50 (18723 turns).

EnegeticOcto the Severer (Deep Dwarf Fighter)      Turns: 18723, Time: 00:20:51

Health: -15/204    AC: 33    Str: 31 (32) XL:     20   Next: 25%
Magic:  3/3        EV:  7    Int:  8 (10) God:    Makhleb [****..]
Gold:   1048       SH: 25    Dex: 11 (14) Spells: 19/19 levels left

rFire    + + .     SeeInvis .   a - +8 broad axe (freeze)
rCold    + . .     Gourm    .   q - +0 tower shield
rNeg     + . .     Faith    .   O - +2 gold dragon scales
rPois    +         Spirit   .   (no helmet)
rElec    .         Reflect  +   b - +2 cloak {rPois}
rCorr    .         Harm     .   (no gloves)
MR       +++..                  B - +2 pair of boots
Stlth    ..........             I - +3 amulet of reflection
HPRegen  0.00/turn              J - ring "Meichoh" {rF+ Str+4 Dex+2}
MPRegen  0.08/turn              R - +4 ring of protection

@: very slightly contaminated, non-regenerating, lightly drained, invisible
(expiring)
A: damage resistance, heal wounds, negative energy resistance 1, sense
surroundings 3, no regeneration
}: 3/15 runes: barnacled, abyssal, gossamer
a: Heal Wounds, Minor Destruction, Lesser Servant of Makhleb, Major Destruction,
Renounce Religion


You were on level 5 of the Realm of Zot.
You worshipped Makhleb.
Makhleb was greatly pleased with you.
You were very full.

You visited 6 branches of the dungeon, and saw 37 of its levels.
You visited the Abyss 1 time.
You also visited: Ossuary.

You collected 1846 gold pieces.
You spent 798 gold pieces at shops.

Inventory:

Hand Weapons
 a - a +8 broad axe of freezing (weapon)
Missiles
 v - 4 throwing nets (quivered)
Armour
 b - a +2 cloak of poison resistance (worn)
 c - a +0 crystal plate armour
 q - a +0 tower shield (worn)
 B - a +2 pair of boots (worn)
 O - +2 gold dragon scales (worn)
Jewellery
 r - a +3 ring of strength
 u - an uncursed ring of resist corrosion
 z - an uncursed amulet of the gourmand {unknown}
 I - a +3 amulet of reflection (around neck)
 J - the ring "Meichoh" (left hand) {rF+ Str+4 Dex+2}
   (You found it on level 13 of the Dungeon)

   [ring of protection from fire]

   It affects your strength (+4).
   It affects your dexterity (+2).
   It protects you from fire.
 R - a +4 ring of protection (right hand)
 U - an uncursed ring of ice {unknown}
Wands
 p - a wand of polymorph (30)
 w - a wand of iceblast (16)
 D - a wand of paralysis (15)
 E - a wand of scattershot (2)
 F - a wand of digging (10) {@v2}
 H - a wand of acid (8) {@v1}
 Q - a wand of flame (16) {@v3}
Scrolls
 i - 10 scrolls of remove curse {@r6}
 n - 4 scrolls of blinking {@r3}
 y - 7 scrolls of teleportation {@r2}
 A - a scroll of fog
 N - 2 scrolls of fear
 P - a scroll of brand weapon
 S - a scroll of random uselessness
 T - 2 scrolls of immolation {@r4}
 V - 2 scrolls of identify {@r1}
Potions
 d - 5 potions of heal wounds {@q2}
 f - 2 potions of berserk rage
 g - 5 potions of lignification {@q7}
 h - 4 potions of mutation
 j - a potion of stabbing {@q5}
 k - a potion of might {@q3}
 l - 2 potions of cancellation
 o - 10 potions of curing {@q1}
 t - 2 potions of degeneration
 G - 2 potions of magic
 K - 4 potions of flight
 M - a potion of ambrosia
Miscellaneous
 x - a phantom mirror
 L - a box of beasts
Comestibles
 e - 32 rations


   Skills:
 * Level 18.0(17.8) Fighting
 - Level 19.8(19.5) Axes
 + Level 15.7(15.4) Armour
 + Level 4.9(4.7) Dodging
 + Level 15.7(15.4) Shields
 + Level 17.9(17.6) Invocations


You had 19 spell levels left.
You didn't know any spells.
Your spell library was empty.

Dungeon Overview and Level Annotations

Branches:
Dungeon (15/15)            Temple (0/1) D:4            Lair (4/6) D:8
 Shoals (4/4) Lair:4       Spider (4/4) Lair:2          Orc (0/2) D:10
 Vaults (0/5) D:13         Depths (5/5) D:15            Zot (5/5) Depths:5
Ossuary (visited)

Altars:
Elyvilon
Hepliaklqana
Makhleb
Nemelex Xobeh
Ru
Zin

Shops:
D:6 ?   D:12 (   Shoals:4 :   Depths:2 *!:

Portals:
Hell: Depths:4
Abyss: Depths:1
Ziggurat: Depths:1

Annotations:
D:8 2 transporters, DOPEyDwarf's ghost, novice FoFi
D:13 exclusion: ice statue
Shoals:2 1 transporter
Depths:2 exclusion: downstairs


Innate Abilities, Weirdness & Mutations

You are resistant to damage.
You can heal yourself by infusing magical energy.
You resist negative energy. (rN+)
You passively map a large area around you.
You do not regenerate.


Message History

The Killer Klown sprays water.
Unknown command.
Unknown command.
Unknown command.
You fade into invisibility!
The golden dragon bites you!
You block the golden dragon's attack. x2
You are very lightly contaminated with residual magic.
The Killer Klown is engulfed in poison gas.
The Killer Klown is poisoned.
The Killer Klown throws klown pie at you.
The klown pie hits you!!
Raspberry!
You feel weakened.
You feel dopey.
You feel clumsy.
The Killer Klown throws klown pie at you.
The klown pie reflects off an invisible shield around you!
The klown pie hits the Killer Klown!!
Blueberry!
The Killer Klown loses the ability to speak.
The electric golem hits you but does no damage. x2
You block the electric golem's attack. The electric golem barely misses you.
The Killer Klown is engulfed in poison gas.
The Killer Klown looks even sicker.
You block the Orb Guardian's attack.
The electric golem blinks!
The Killer Klown is no longer mute.
The orb of fire glows red.
The bolt of fire hits you! You resist.
The electric golem blinks!
You block the Orb Guardian's attack.
The Killer Klown blinks!
You block the Orb Guardian's attack.
The Killer Klown is engulfed in poison gas.
The Killer Klown looks even sicker.
The Killer Klown blinks!
The ancient lich touches you! You partially resist.
You feel drained.
The Killer Klown strangle-hugs you with a +9 club of freezing!
The Killer Klown freezes you.
An Orb Guardian comes into view.
You block the Killer Klown's attack.
The Killer Klown blinks!
The electric golem blinks!
The orb of fire emits a lurid red light.
The bolt of fire hits you. You resist.
The orb of fire glows yellow.
The bolt of fire hits you. You resist.
An Orb Guardian comes into view.
The Killer Klown throws klown pie at you.
The klown pie reflects off an invisible shield around you!
The klown pie hits the Killer Klown!!
Moon pie!
The Killer Klown evaporates and reforms as a juggernaut!
The Killer Klown throws klown pie at you.
The klown pie reflects off an invisible shield around you!
The klown pie hits the Killer Klown!!!
Blueberry!
The Killer Klown loses the ability to speak.
The electric golem hurls lightning at you.
The bolt of lightning misses you.
The electric golem hurls lightning at you.
The bolt of lightning hits you!!!
* * * LOW HITPOINT WARNING * * *
You feel much better.
You closely miss the Orb Guardian. You slash the ancient lich!
You hit the orb of fire but do no damage.
The electric golem crackles and sizzles.
The electric golem hurls lightning at you.
The bolt of lightning hits you!!
* * * LOW HITPOINT WARNING * * *
You block the Orb Guardian's attack.
The ancient lich mumbles some strange words.
The ancient lich seems to speed up.
You block the Orb Guardian's attack.
The orb of fire glows bright magenta.
The bolt of fire hits you! You resist.
* * * LOW HITPOINT WARNING * * *
You block the Orb Guardian's attack.
Your magical essence is drained by the effort!
You feel much better.
You block the electric golem's attack. x3
The electric golem hits you but does no damage.
The ancient lich points at you and mumbles some strange words.
You resist with some effort.
The electric golem completely misses you.
You block the electric golem's attack. x2
The electric golem hits you but does no damage.
The Orb Guardian barely misses you.
You hit the Orb Guardian but do no damage.
You slash the Orb Guardian! You freeze the Orb Guardian.
You hit the electric golem but do no damage.
You barely miss the orb of fire. You hit the ancient lich.
You flicker for a moment.
The Killer Klown is no longer mute.
You hear a loud "Zot"!
The power of Zot is invoked against you!
The dungeon shakes, a horrible noise fills the air, and a portal to some otherworldly place is opened!
You block the Orb Guardian's attack. You block the electric golem's attack.
The electric golem hits you but does no damage.
You block the electric golem's attack. x2; The Killer Klown blinks!
The ancient lich touches you but does no damage.
An Orb Guardian comes into view.
The Orb Guardian hits you!!
* * * LOW HITPOINT WARNING * * *
The Killer Klown hits you with a +9 club of freezing.
The Orb Guardian hits you!!
* * * LOW HITPOINT WARNING * * *
The electric golem hurls lightning at you.
The bolt of lightning hits you!!
* * * LOW HITPOINT WARNING * * *
The bolt of lightning hits you!!
You die...

▓▓▓▓▓▓▓▓▓▓▓▓* ▓▓▓▓...!......., **
▓▓▓.............., ,**
▓▓X............^.., ,,* *********
▓^pLy.............,
,,***,,,,,,,**▓.@**.§...........,
,,**,,,,,,,,,*▓XX8D.............,
,,*,,,,,,,,,,,▓.C^∩.............^
,,,^,,,,,,,,,.X.......).........,
,,*,,,,,^,,,..▓.p.............,,,
,,**,,,,,,...▓▓..^..........,,,,,
,,***^,,,,^.▓*▓.......^....,,,,,,
,,* ******▓▓* #..........,,,,,,,,
,** **,,,,,,,,,,,,,,,,,


You could see a juggernaut, 2 orbs of fire, 2 Killer Klowns, an electric golem,
a golden dragon, an ancient lich, 4 Orb Guardians and a moth of wrath.

Vanquished Creatures
  An orb of fire (Zot:3)
  3 golden dragons
  3 bone dragons
  Jorgrun (D:13)
  4 Orb Guardians (Zot:5)
  5 tentacled monstrosities
  A titan (Depths:5)
  3 tentacled starspawn (Abyss:3)
  Polyphemus (Shoals:2)
  3 death cobs
  A kraken (Shoals:3)
  5 storm dragons
  4 draconian monks
  A tengu reaver (Depths:4)
  A fire giant (Depths:4)
  3 balrugs
  2 frost giants
  3 draconian shifters
  A ghost moth (Spider:4)
  2 draconian scorchers (Zot:2)
  5 emperor scorpions
  2 angels (Abyss:3)
  A draconian stormcaller (Zot:1)
  2 stone giants
  7 draconian annihilators
  3 entropy weavers
  9 very ugly things
  4 black draconians
  Azrael (D:12)
  2 spark wasps
  5 green draconians
  10 purple draconians
  5 white draconians
  9 yellow draconians
  5 red draconians
  4 merfolk javelineers
  2 fire dragons
  6 merfolk impalers
  A blizzard demon (Depths:1)
  3 yaktaur captains
  Harold (D:8)
  A great orb of eyes (Depths:1)
  Erolcha (D:9)
  8 vault guards (D:13)
  A rakshasa (Abyss:4)
  A catoblepas (Shoals:2)
  5 hydras
  2 alligator snapping turtles
  2 ice dragons
  A death knight (D:13)
  3 merfolk aquamancers (Shoals:4)
  2 merfolk avatars
  3 two-headed ogres
  11 centaur warriors
  2 deep troll shamans
  An ogre mage (Depths:4)
  5 tengu warriors
  A queen ant (Spider:3)
  3 death yaks (Lair:4)
  11 thrashing horrors
  A spriggan berserker (Depths:4)
  Sonja (D:13)
  Nergalle (D:12)
  A sixfirhy (Abyss:3)
  2 spatial maelstroms
  2 skeletal warriors (D:15)
  5 wretched stars
  2 sun demons
  An iron troll (Depths:1)
  7 sea snakes
  An unseen horror (Abyss:5)
  A glowing orange brain (Abyss:3)
  5 deep trolls
  A swamp dragon (Abyss:3)
  19 starcursed masses (Abyss:3)
  A tengu zombie (D:15)
  2 deep elf magi
  A necromancer (D:15)
  A phantasmal warrior (D:15)
  11 orb spiders
  19 wolf spiders
  5 ugly things
  An iron dragon zombie (Abyss:3)
  2 frost giant zombies (D:15)
  3 fauns (Shoals:1)
  2 worldbinders
  3 cyclopes
  7 manticores
  18 large abominations
  6 moths of wrath
  4 merfolk sirens
  2 apocalypse crabs
  3 black mambas
  2 centaur zombies
  2 rust devils
  An orange demon (Abyss:3)
  7 smoke demons
  4 water nymphs
  2 spiny frogs (Lair:2)
  2 gargoyles
  A hellion (Abyss:4)
  5 komodo dragons
  Maggie (D:6)
  A redback zombie (D:13)
  4 demonic crawlers
  A komodo dragon (shapeshifter) (Depths:5)
  2 yaktaurs
  A red devil (Abyss:4)
  A troll (D:14)
  4 ice devils
  2 tengu conjurers
  3 ancient zymes
  10 jumping spiders
  A polar bear (Lair:4)
  4 meliai (D:13)
  2 hornets (Spider:4)
  15 merfolk
  3 wind drakes
  5 raiju
  13 hippogriffs
  Prince Ribbit (D:8)
  4 dream sheep (Shoals:2)
  8 blink frogs
  5 slime creatures
  3 snapping turtles
  A dream sheep (shapeshifter) (Depths:2)
  15 redbacks
  A spriggan skeleton (D:15)
  Sigmund (D:2)
  A vampire (D:13)
  9 tarantellas
  4 shadows
  3 water elementals
  2 wraiths
  2 ynoxinuls
  25 yaks
  4 flying skulls (Abyss:3)
  4 fire elementals (D:12)
  4 golden eyes (Abyss:4)
  2 basilisks
  2 hungry ghosts
  A chaos spawn (Abyss:3)
  3 vampire mosquitoes (D:14)
  A neqoxec (Abyss:3)
  22 soldier ants
  An acid dragon (D:11)
  4 spatial vortices
  A floating eye (Depths:4)
  7 small abominations
  2 porcupines (Lair:1)
  5 water moccasins
  6 orc warriors
  4 hell hounds (D:12)
  3 sky beasts
  2 black bears
  13 ogres
  3 phantoms
  An ice beast (D:5)
  2 necrophages
  2 eyes of draining
  14 centaurs
  5 crocodiles
  6 wolves (Lair:4)
  2 elf zombies (Ossuary)
  5 big kobolds
  2 earth elementals (Abyss:3)
  14 bullfrogs
  A wyvern zombie (D:13)
  2 gnoll sergeants
  A wyvern skeleton (D:14)
  6 scorpions
  9 killer bees
  A snapping turtle simulacrum (Abyss:3)
  20 wights
  6 crimson imps
  4 howler monkeys
  A bullfrog zombie (D:7)
  6 hounds
  A quasit (D:10)
  6 jellies
  9 orc priests
  Crazy Yiuf (D:4)
  4 bullfrog skeletons
  4 centaur skeletons
  3 iguanas
  16 orc wizards
  25 worker ants
  2 big kobold zombies (Ossuary)
  2 hound zombies
  2 hound skeletons
  2 mummies (Ossuary)
  A worker ant zombie (D:8)
  13 gnolls
  18 adders
  5 shadow imps
  5 white imps
  An ufetubus (Abyss:3)
  2 adder skeletons
  A worm (D:8)
  3 dart slugs
  6 leopard geckos
  52 orcs
  A giant cockroach (D:3)
  3 goblins (D:2)
  7 hobgoblins
  4 jackals (D:8)
  18 kobolds
  7 quokkas
  12 bats
  5 frilled lizards
  3 gnoll zombies (Ossuary)
  4 goblin zombies (Ossuary)
  2 hobgoblin zombies (Ossuary)
  A jackal skeleton (D:7)
  A jackal zombie (D:6)
  An orc zombie (Ossuary)
  9 rats
  5 fungi
  A lurking horror (Abyss:3)
  2 starspawn tentacles (Abyss:3)
  3 tentacles (Shoals:3)
  4 withered plants (D:15)
1005 creatures vanquished.

Vanquished Creatures (collateral kills)
  2 tentacled monstrosities (Zot:1)
  Gastronok (D:8)
  2 shadow dragons (Zot:1)
  A storm dragon (Zot:1)
  A nagaraja (Abyss:3)
  A draconian monk (Zot:1)
  A draconian scorcher (Zot:2)
  A frost giant (Depths:2)
  2 ghost moths (Spider:4)
  5 emperor scorpions (Spider:4)
  A draconian stormcaller (Zot:2)
  3 stone giants
  2 very ugly things
  An entropy weaver (Spider:4)
  A green draconian (Depths:5)
  3 black draconians (Zot:1)
  2 white draconians (Zot:1)
  A purple draconian (Zot:1)
  3 yellow draconians
  A great orb of eyes (Depths:1)
  An ogre mage (Depths:4)
  2 rakshasas
  An ice dragon (Depths:1)
  3 two-headed ogres (Depths:4)
  2 death yaks (Shoals:2)
  An alligator snapping turtle (Shoals:3)
  A deep troll earth mage (Depths:5)
  2 deep troll shamans
  2 thrashing horrors (Abyss:3)
  A sun demon (Depths:1)
  2 wretched stars (Abyss:3)
  3 iron trolls
  A sea snake (Shoals:3)
  5 deep trolls
  A wizard (Depths:4)
  4 orb spiders
  4 wolf spiders (Spider:4)
  A manticore (Shoals:3)
  3 moths of wrath
  2 merfolk sirens (Shoals:4)
  An apocalypse crab (Abyss:3)
  A yaktaur (Depths:4)
  An ice devil (Depths:1)
  4 merfolk (Shoals:3)
  4 jumping spiders (Spider:4)
  A wind drake (Shoals:3)
  3 hornets (Spider:4)
  2 slime creatures (Depths:1)
  A snapping turtle (Shoals:3)
  2 large abominations (Abyss:3)
  4 redbacks (Spider:4)
  9 tarantellas (Spider:4)
  4 soldier ants (Spider:3)
  A hell hound (Abyss:3)
  4 crimson imps (Depths:1)
  A worker ant (Spider:3)
  2 white imps (Depths:1)
  4 orcs (D:8)
  A starspawn tentacle (Abyss:3)
  A tentacle (Shoals:3)
128 creatures vanquished.

Vanquished Creatures (others)
  A draconian knight (Zot:2)
  A satyr (Abyss:3)
  A centaur warrior (Depths:1)
  A sea snake (Shoals:3)
  A cyclops (Shoals:2)
  2 yaktaurs
  A merfolk (Shoals:2)
  A water elemental (Shoals:4)
  A centaur (Shoals:3)
  A small abomination (Abyss:5)
  A crimson imp (Depths:1)
  A white imp (Depths:1)
  A fungus (D:4)
  8 starspawn tentacles (Abyss:3)
22 creatures vanquished.

Grand Total: 1155 creatures vanquished

Notes
Turn   | Place    | Note
-------+----------+-------------------------------------------
     0 | D:1      | EnegeticOcto the Deep Dwarf Fighter began the quest for the
                  | Orb.
     0 | D:1      | Reached XP level 1. HP: 20/20 MP: 1/1
    87 | D:2      | Found a burning altar of Makhleb.
   107 | D:2      | Became a worshipper of Makhleb the Destroyer
   184 | D:2      | Reached XP level 2. HP: 20/27 MP: 2/2
   313 | D:2      | Noticed Sigmund
   332 | D:2      | Killed Sigmund
   332 | D:2      | Reached skill level 3 in Axes
   332 | D:2      | Reached XP level 3. HP: 36/36 MP: 1/3
   332 | D:2      | Reached XP level 4. HP: 44/44 MP: 1/4
   332 | D:2      | Reached XP level 5. HP: 50/50 MP: 1/5
   739 | D:3      | Found a glowing silver altar of Zin.
   779 | D:3      | Reached * piety under Makhleb
   856 | D:3      | Reached skill level 4 in Axes
   958 | D:3      | Reached XP level 6. HP: 44/57 MP: 6/6
  1612 | D:4      | Found a staircase to the Ecumenical Temple.
  1640 | D:4      | Reached ** piety under Makhleb
  1759 | D:4      | Found a runed translucent door.
  1760 | D:4      | Noticed Crazy Yiuf
  1892 | D:4      | Reached XP level 7. HP: 35/66 MP: 8/8
  1927 | D:4      | Reached skill level 5 in Axes
  2262 | D:4      | Found a hazy altar of Hepliaklqana.
  2262 | D:4      | Found a sacrificial altar of Ru.
  2263 | D:4      | Found a sparkling altar of Nemelex Xobeh.
  2399 | D:4      | Killed Crazy Yiuf
  2432 | D:5      | Entered Level 5 of the Dungeon
  2485 | D:5      | Reached skill level 5 in Fighting
  2559 | D:5      | Reached skill level 5 in Armour
  2627 | D:5      | Reached skill level 5 in Shields
  2644 | D:5      | Reached XP level 8. HP: 48/74 MP: 10/10
  2752 | D:5      | Found a white marble altar of Elyvilon.
  2897 | D:5      | Reached skill level 6 in Axes
  3421 | D:6      | Noticed Maggie
  3437 | D:6      | Killed Maggie
  3437 | D:6      | Reached skill level 5 in Invocations
  3558 | D:6      | Found Nelavysy's Magic Scroll Boutique.
  3564 | D:6      | Bought a scroll of magic mapping for 52 gold pieces
  3564 | D:6      | Bought a scroll of teleportation for 45 gold pieces
  3670 | D:6      | Reached skill level 7 in Axes
  3920 | D:7      | Gained mutation: You passively map the area around you.
                  | [Deep Dwarf growth]
  3920 | D:7      | Reached XP level 9. HP: 73/85 MP: 12/12
  3955 | D:7      | Reached *** piety under Makhleb
  4240 | D:7      | You fall into a shaft and drop 1 floor!
  4388 | D:8      | Found a staircase to the Lair.
  4393 | D:8      | Noticed Gastronok
  4420 | D:8      | Killed Gastronok
  4420 | D:8      | Reached skill level 8 in Axes
  4420 | D:8      | Reached XP level 10. HP: 49/96 MP: 12/14
  4450 | D:8      | Found a transporter.
  4460 | D:8      | Noticed DOPEyDwarf's ghost (novice FoFi)
  4542 | D:8      | Noticed Harold
  4562 | D:8      | Killed Harold
  4562 | D:8      | Reached skill level 9 in Axes
  4571 | D:8      | Found a sand-covered staircase.
  4576 | Ossuary  | Entered an ossuary
  4767 | D:8      | Found a transporter.
  4805 | D:8      | Reached **** piety under Makhleb
  5378 | D:8      | Noticed Prince Ribbit
  5385 | D:8      | Killed Prince Ribbit
  5577 | D:9      | Noticed Erolcha
  5594 | D:9      | Killed Erolcha
  5599 | D:9      | Reached skill level 10 in Axes
  5841 | D:9      | Noticed a centaur warrior
  5851 | D:9      | Killed a centaur warrior
  5851 | D:9      | Reached XP level 11. HP: 92/104 MP: 15/15
  5901 | D:9      | Identified a scroll of acquirement
  5983 | D:6      | Bought a scroll of brand weapon for 300 gold pieces
  5983 | D:6      | Bought 3 scrolls of enchant armour for 337 gold pieces
  6312 | D:10     | Entered Level 10 of the Dungeon
  6483 | D:10     | Noticed a tengu warrior
  6494 | D:10     | Reached ***** piety under Makhleb
  6498 | D:10     | Killed a tengu warrior
  6675 | D:10     | Noticed a centaur warrior
  6675 | D:10     | Noticed a centaur warrior
  6675 | D:10     | Noticed a centaur warrior
  6676 | D:10     | Noticed a deep elf mage
  6676 | D:10     | Noticed an orc knight
  6775 | D:10     | Noticed an orc knight
  6794 | D:10     | Found a staircase to the Orcish Mines.
  7056 | Lair:1   | Entered Level 1 of the Lair of Beasts
  7213 | Lair:1   | Reached skill level 11 in Axes
  7371 | Lair:2   | Found a hole to the Spider Nest.
  7372 | Lair:2   | Noticed a wolf spider
  7383 | Lair:2   | Killed a wolf spider
  7452 | Lair:2   | Reached skill level 10 in Fighting
  8170 | Lair:3   | Reached XP level 12. HP: 91/116 MP: 17/17
  8817 | Lair:4   | Reached skill level 10 in Invocations
  8872 | Lair:4   | Noticed a six-headed hydra
  8880 | Lair:4   | Killed an 11-headed hydra
  8880 | Lair:4   | Reached skill level 12 in Axes
  8903 | Lair:4   | Found a staircase to the Shoals.
  8921 | Lair:4   | Noticed a death yak
  8934 | Lair:4   | Killed a death yak
  9163 | Lair:4   | Noticed a death yak
  9163 | Lair:4   | Noticed a death yak
  9173 | Lair:4   | Killed a death yak
  9180 | Lair:4   | Killed a death yak
  9708 | D:11     | Reached ****** piety under Makhleb
  9897 | D:12     | Noticed Azrael
  9921 | D:12     | Killed Azrael
  9921 | D:12     | Reached XP level 13. HP: 103/127 MP: 18/18
  9971 | D:12     | Reached skill level 10 in Shields
  9981 | D:12     | Reached skill level 10 in Armour
  9984 | D:12     | Noticed Nergalle
 10000 | D:12     | Reached skill level 13 in Axes
 10011 | D:12     | Killed Nergalle
 10266 | D:12     | Found Dobu's Antique Weapon Shoppe.
 10665 | D:13     | Noticed Sonja
 10672 | D:13     | Killed Sonja
 11096 | D:13     | Got a glittering copper ring
 11098 | D:13     | Identified the ring "Meichoh" {rF+ Str+4 Dex+2} (You found
                  | it on level 13 of the Dungeon)
 11181 | D:13     | Noticed Jorgrun
 11184 | D:13     | Found a gate to the Vaults.
 11187 | D:13     | Reached skill level 14 in Axes
 11206 | D:13     | Gained mutation: You resist negative energy. (rN+) [Deep
                  | Dwarf growth]
 11206 | D:13     | Reached XP level 14. HP: 138/138 MP: 14/14
 11222 | D:13     | Killed Jorgrun
 12159 | D:15     | Entered Level 15 of the Dungeon
 12201 | D:15     | Found a staircase to the Depths.
 12507 | Spider:1 | Entered Level 1 of the Spider Nest
 12536 | Spider:1 | Reached skill level 15 in Axes
 12581 | Spider:1 | Noticed an emperor scorpion
 12602 | Spider:1 | Killed an emperor scorpion
 12775 | Spider:2 | Reached XP level 15. HP: 148/148 MP: 14/14
 13096 | Spider:4 | Entered Level 4 of the Spider Nest
 13474 | Spider:4 | Reached skill level 16 in Axes
 13481 | Spider:4 | Killed a ghost moth
 13512 | Spider:4 | Killed a ghost moth
 13534 | Spider:4 | Killed a ghost moth
 13553 | Spider:4 | Got a gossamer rune of Zot
 13862 | Shoals:1 | Entered Level 1 of the Shoals
 13963 | Shoals:1 | Reached XP level 16. HP: 143/159 MP: 15/15
 14036 | Shoals:2 | Found a transporter.
 14124 | Shoals:2 | Noticed Polyphemus
 14153 | Shoals:2 | Killed Polyphemus
 14247 | Shoals:3 | Cast into level 3 of the Abyss (merfolk)
 14268 | Abyss:3  | Noticed a tentacled starspawn
 14298 | Abyss:3  | Killed a tentacled starspawn
 14398 | Abyss:3  | Noticed a hellephant
 14644 | Abyss:3  | Noticed a tentacled starspawn
 14668 | Abyss:3  | Killed a tentacled starspawn
 14668 | Abyss:3  | Reached skill level 17 in Axes
 14695 | Abyss:3  | Noticed a tentacled starspawn
 14697 | Abyss:3  | Paralysed by accursed screaming for 1 turns
 14712 | Abyss:3  | Paralysed by accursed screaming for 1 turns
 14719 | Abyss:3  | Killed a tentacled starspawn
 14764 | Abyss:3  | Noticed a bone dragon
 14799 | Abyss:3  | Reached skill level 15 in Fighting
 14818 | Abyss:3  | Killed a bone dragon
 14887 | Abyss:3  | Reached skill level 15 in Invocations
 14911 | Abyss:3  | Paralysed by accursed screaming for 2 turns
 14923 | Abyss:3  | Got an abyssal rune of Zot
 14939 | Abyss:4  | Found a corrupted altar of Lugonu.
 15023 | Abyss:4  | Reached XP level 17. HP: 152/170 MP: 16/16
 15213 | Abyss:5  | Entered Level 5 of the Abyss
 15299 | Abyss:5  | Noticed a bone dragon
 15322 | Abyss:5  | Killed a bone dragon
 15337 | Abyss:5  | Noticed an ancient lich
 15339 | Shoals:3 | Escaped the Abyss
 15383 | Shoals:3 | Noticed a kraken
 15391 | Shoals:3 | Killed a kraken
 15530 | Shoals:4 | Entered Level 4 of the Shoals
 15530 | Shoals:4 | Found Poosudol's Book Emporium.
 15585 | Shoals:4 | Reached skill level 18 in Axes
 15761 | Shoals:4 | Got a barnacled rune of Zot
 16202 | Depths:1 | Entered Level 1 of the Depths
 16204 | Depths:1 | Found a gateway to a ziggurat.
 16423 | Depths:1 | Found a one-way gate to the infinite horrors of the Abyss.
 16551 | Depths:1 | Gained mutation: You passively map a large area around you.
                  | [Deep Dwarf growth]
 16551 | Depths:1 | Reached XP level 18. HP: 157/181 MP: 16/16
 16564 | Depths:1 | Identified the +7 quick blade of Quantum Leap {drain,
                  | Int+2}
 16726 | Depths:2 | Found Ululoedd's Assorted Antiques.
 16768 | Depths:2 | Found Uweun's Distillery.
 16771 | Depths:2 | Bought a potion of might for 64 gold pieces
 16841 | Depths:4 | Paralysed by a floating eye for 4 turns
 16847 | Depths:4 | Noticed a tentacled monstrosity
 16875 | Depths:4 | Paralysed by a floating eye for 3 turns
 16886 | Depths:4 | Killed a tentacled monstrosity
 17067 | Depths:2 | Found Miucothedeo's Book Shop.
 17136 | Depths:4 | Reached skill level 19 in Axes
 17182 | Depths:4 | Found a gateway to Hell.
 17227 | Depths:5 | Entered Level 5 of the Depths
 17328 | Depths:5 | Found a gate to the Realm of Zot.
 17328 | Depths:5 | Noticed a bone dragon
 17343 | Depths:5 | Killed a bone dragon
 17479 | Zot:1    | Entered Level 1 of the Realm of Zot
 17479 | Zot:1    | Noticed a tentacled monstrosity
 17486 | Zot:1    | Killed a tentacled monstrosity
 17517 | Zot:1    | Noticed a tentacled monstrosity
 17518 | Zot:1    | Noticed a tentacled monstrosity
 17525 | Zot:1    | Noticed a tentacled monstrosity
 17529 | Zot:1    | Killed a tentacled monstrosity
 17540 | Zot:1    | Killed a tentacled monstrosity
 17543 | Zot:1    | Killed a tentacled monstrosity
 17560 | Zot:1    | Reached XP level 19. HP: 99/190 MP: 16/16
 17898 | Zot:2    | Reached skill level 15 in Armour
 17898 | Zot:2    | Reached skill level 15 in Shields
 18018 | Zot:2    | Noticed a golden dragon
 18031 | Zot:2    | Killed a golden dragon
 18031 | Zot:2    | Reached skill level 1 in Dodging
 18156 | Zot:3    | Noticed a golden dragon
 18170 | Zot:3    | Killed a golden dragon
 18196 | Zot:3    | Noticed an orb of fire
 18225 | Zot:3    | Killed an orb of fire
 18350 | Zot:4    | Noticed a golden dragon
 18360 | Zot:4    | Killed a golden dragon
 18360 | Zot:4    | Reached XP level 20. HP: 159/204 MP: 11/11
 18483 | Zot:5    | Entered Level 5 of the Realm of Zot
 18698 | Zot:5    | Noticed an ancient lich
 18698 | Zot:5    | Noticed an ancient lich
 18699 | Zot:5    | Noticed a golden dragon
 18708 | Zot:5    | Noticed a Killer Klown
 18708 | Zot:5    | Noticed a Killer Klown
 18708 | Zot:5    | Noticed a Killer Klown
 18708 | Zot:5    | Noticed a golden dragon
 18709 | Zot:5    | Noticed an orb of fire
 18709 | Zot:5    | Noticed an orb of fire
 18710 | Zot:5    | Noticed an ancient lich
 18718 | Zot:5    | Noticed a juggernaut
 18718 | Zot:5    | a Killer Klown changed into a juggernaut
 18723 | Zot:5    | Killed from afar by an electric golem

Levels and vault maps discovered:
D:1:      ebering_trefoil_3fold, layout_basic, minmay_misc_feat_five
D:2:      kennysheep_big_flooded_room, layout_basic, overflow_temple_1_default,
          first_ration, uniq_sigmund
D:3:      layout_basic, lemuel_altar_in_water
D:4:      old_forge, layout_rooms, gammafunk_temple_overflow_claw,
          minmay_temple_entry_statues_fountains, kennysheep_generic_room_5,
          uniq_crazy_yiuf_cottage
D:5:      layout_loops_corners, basic_altar, kennysheep_generic_room_12
D:6:      layout_basic, serial_shops, kennysheep_little_box, uniq_maggie
D:7:      layout_loops_corners
D:8:      layout_loops_ring, lair_entry_dummy, gammafunk_ghost_stat_death,
          nicolae_ossuary_entry_plus, hangedman_pestilent_swarm, uniq_harold,
          uniq_prince_ribbit1, uniq_gastronok
D:9:      layout_cave_pools, uniq_erolcha
D:10:     layout_cave_pods, orc_0_dummy, minivault_12
D:11:     layout_loops_cross
D:12:     layout_cave_pods, serial_shops, shop, uniq_nergalle, uniq_azrael
D:13:     layout_basic, erik_vaults_2, nzn_random_ring, uniq_sonja, uniq_jorgrun
D:14:     layout_rooms, serial_curves, eino_curves_04, eino_curves_02
D:15:     gammafunk_depths_entry_grave, layout_rooms,
          hangedman_abyss_or_decor_clamps, minmay_misc_feat_rows, uniq_kirke
Lair:1:   layout_layer_cave, portal_ice_cave_entry_pillars_1,
          serial_bayou_crossing, grunt_megastairs_5
Lair:2:   layout_roguey, spider_nest_entry_funnel_web,
          chequers_serial_rivers_small_b
Lair:3:   layout_regular_city
Lair:4:   layout_small_grid, minmay_shoals_entry_beasts, grunt_megastairs_1,
          serial_bayou_shore_b
Shoals:1: layout_shoals, nicolae_shoals_aquamancer_cove, uniq_roxanne
Shoals:2: gammafunk_its_a_trap, layout_shoals, minmay_shop_mass, uniq_polyphemus
Shoals:3: layout_shoals, nicolae_shoals_siren_and_animal_friends, uniq_ilsuiw
Shoals:4: shoals_end_simple, layout_shoals, serial_shops,
          nicolae_shop_behind_doors, nicolae_shop_window_shopping,
          shop_fountains, shop, shop, nicolae_shoals_kraken_intersection
Spider:1: layout_spider_delve
Spider:2: layout_spider_delve, nicolae_spider_nook
Spider:3: layout_spider_delve, minivault_29
Spider:4: spider_rune_water
Depths:1: layout_small_grid, enter_ziggurat_c, abyss_entry, tso_altar,
          grunt_hell_entry_demonic_statue, minmay_fire_ice_demons,
          minmay_shop_grove, serial_bayou_shore_a, firewood_loft,
          serial_bayou_shore_b
Depths:2: constructs_gauntlet_mu_hangedman, layout_gridlike, serial_shops, shop,
          nicolae_shop_statue_plus, shop, kennysheep_mini,
          grunt_hell_entry_dis_old
Depths:3: grunt_profane_halls [grunt_profane_temple_tar,
          grunt_profane_temple_dis, grunt_profane_temple_geh,
          grunt_profane_temple_coc, grunt_profane_loot], abyss_entry,
          hell_entry, pan_entry
Depths:4: minmay_isolated_rectangles_in_corner, layout_basic, hell_entry,
          minmay_room_of_horrors, chequers_serial_rivers_micro_c,
          infiniplex_staircase_hallway_doors, grunt_megastairs_2
Depths:5: grunt_zot_entry_tricorne, layout_basic, rand_demon_pan_entry_1,
          hell_entry, serial_shops, nicolae_shop_window_shopping
Zot:1:    layout_onion_interference
Zot:2:    layout_basic, grunt_megastairs_4
Zot:3:    layout_onion
Zot:4:    layout_concentric_octagons
Zot:5:    layout_misc_corridors

Skill      XL: |  1  2  3  4  5  6  7  8  9 10 11 12 13 14 15 16 17 18 19 20 |
---------------+-------------------------------------------------------------+-----
Fighting       | 3 4 5 6 7 8 10 11 12 13 14 15 16 17 18 | 18.0
Axes           | 3 4 5 7 8 10 11 12 14 15 16 17 18 19 | 19.8
Invocations    | 2 3 4 5 7 8 9 10 12 13 14 15 16 17 | 17.9
Armour         | 4 5 6 7 8 9 10 11 12 13 14 15 | 15.7
Shields        | 4 5 6 7 9 10 11 12 13 14 15 | 15.7
Dodging        | 4 |  4.9

Action                   |  1- 3 |  4- 6 |  7- 9 | 10-12 | 13-15 | 16-18 | 19-21 || total
-------------------------+-------+-------+-------+-------+-------+-------+-------++-------
Melee: War axe           |    94 |   145 |   308 |   276 |       |       |       ||   823
       Unarmed           |       |    19 |       |       |       |       |       ||    19
       Broad axe         |       |       |       |   372 |   893 |  1108 |   382 ||  2755
Invok: Lesser Servant of |       |       |     1 |       |     4 |     3 |    11 ||    19
       Greater Servant o |       |       |       |       |     3 |    24 |     5 ||    32
 Abil: Heal Wounds       |     2 |       |     6 |    11 |    24 |    35 |    54 ||   132
Evoke: Wand              |       |       |       |       |       |     2 |     5 ||     7
  Use: Scroll            |       |       |     9 |    13 |     6 |     4 |    11 ||    43
       Potion            |       |       |       |       |     2 |     1 |     6 ||     9
 Stab: Confused          |       |     2 |       |       |       |       |       ||     2
       Distracted        |       |       |     2 |     2 |     4 |     8 |     6 ||    22
       Petrified         |       |       |       |       |       |     6 |       ||     6
       Petrifying        |       |       |       |       |       |     2 |       ||     2
  Eat: Chunk             |       |     4 |     8 |    19 |    18 |     6 |     4 ||    59
       Ration            |       |       |       |       |       |     2 |     3 ||     5
Armor: Scale mail        |    38 |    58 |    12 |       |       |       |       ||   108
       Skin              |       |     9 |       |       |       |       |       ||     9
       Chain mail        |       |       |   103 |   258 |       |       |       ||   361
       Crystal plate arm |       |       |       |    89 |   806 |   691 |   142 ||  1728
       Gold dragon scale |       |       |       |       |       |       |    76 ||    76
Dodge: Dodged            |    26 |    42 |    28 |    86 |   114 |   107 |    55 ||   458
Block: Kite shield       |    53 |    74 |       |       |       |       |       ||   127
       Tower shield      |       |    21 |   245 |   630 |  1126 |  1223 |   424 ||  3669
       Reflection        |       |       |       |       |     4 |    82 |     9 ||    95

Table legend:
 A = Non-vault XP
 B = Vault XP
 C = Vault XP percentage of total XP
 D = Non-vault monster count
 E = Vault monster count
 F = Vault count percentage of total count
                 A         B        C        D         E       F
            +---------+---------+-------+---------+---------+-------
      Total |  349891 |  152626 |  30.4 |     817 |     306 |  27.2
            +---------+---------+-------+---------+---------+-------
        D:1 |       8 |       0 |   0.0 |       3 |       0 |   0.0
        D:2 |      51 |     224 |  81.5 |      18 |       3 |  14.3
        D:3 |     154 |       0 |   0.0 |      24 |       0 |   0.0
        D:4 |     186 |     466 |  71.5 |       9 |      22 |  71.0
        D:5 |     728 |       0 |   0.0 |      15 |       0 |   0.0
        D:6 |     397 |     370 |  48.2 |      15 |       1 |   6.2
        D:7 |    1205 |       0 |   0.0 |      22 |       0 |   0.0
        D:8 |    1099 |    3359 |  75.3 |      34 |       7 |  17.1
        D:9 |    2013 |    1007 |  33.3 |      20 |       1 |   4.8
       D:10 |    3295 |       0 |   0.0 |      34 |       0 |   0.0
       D:11 |    3328 |       0 |   0.0 |      39 |       0 |   0.0
       D:12 |    4927 |    3456 |  41.2 |      53 |      10 |  15.9
       D:13 |    9480 |   20858 |  68.8 |      39 |      28 |  41.8
       D:14 |    7605 |       0 |   0.0 |      32 |       0 |   0.0
       D:15 |    5036 |    4738 |  48.5 |      17 |       8 |  32.0
     Lair:1 |    2323 |     919 |  28.3 |      10 |       5 |  33.3
     Lair:2 |    1373 |    1335 |  49.3 |       7 |       4 |  36.4
     Lair:3 |    1527 |       0 |   0.0 |       5 |       0 |   0.0
     Lair:4 |    8517 |    1796 |  17.4 |      28 |       7 |  20.0
   Shoals:1 |    5088 |       0 |   0.0 |      10 |       0 |   0.0
   Shoals:2 |    8205 |    4030 |  32.9 |      19 |       4 |  17.4
   Shoals:3 |    7094 |    4288 |  37.7 |      17 |       7 |  29.2
   Shoals:4 |    5661 |   12856 |  69.4 |      14 |      20 |  58.8
   Spider:1 |    6091 |       0 |   0.0 |      13 |       0 |   0.0
   Spider:2 |    6814 |       0 |   0.0 |      17 |       0 |   0.0
   Spider:3 |    9638 |    7746 |  44.6 |      16 |      45 |  73.8
   Spider:4 |   10757 |   16814 |  61.0 |      27 |      37 |  57.8
   Depths:1 |   26459 |    5385 |  16.9 |      29 |      23 |  44.2
   Depths:2 |   11554 |       0 |   0.0 |      15 |       0 |   0.0
   Depths:4 |   11370 |   14510 |  56.1 |      16 |      14 |  46.7
   Depths:5 |    4200 |   12312 |  74.6 |       7 |       9 |  56.2
      Zot:1 |   48508 |       0 |   0.0 |      38 |       0 |   0.0
      Zot:2 |   25370 |    7811 |  23.5 |      16 |       6 |  27.3
      Zot:3 |   31029 |       0 |   0.0 |      16 |       0 |   0.0
      Zot:4 |   13632 |       0 |   0.0 |       9 |       0 |   0.0
      Zot:5 |   12076 |   11482 |  48.7 |       7 |       4 |  36.4
    Abyss:3 |   31813 |   16564 |  34.2 |      68 |      25 |  26.9
    Abyss:4 |   13566 |       0 |   0.0 |      28 |       0 |   0.0
    Abyss:5 |    7714 |       0 |   0.0 |      11 |       0 |   0.0
    Ossuary |       0 |     300 | 100.0 |       0 |      16 | 100.0
            +---------+---------+-------+---------+---------+-------
